 Dungeon Crawl Stone Soup version 0.21-a0-508-gf08a75f (webtiles) character file.

15 slep the Skirmisher (level 2, -3/24 HPs)
             Began as a Demonspawn Fighter on Nov 29, 2017.
             Slain by a hobgoblin
             ... wielding a cursed -1 club
              (6 damage)
             ... on level 1 of the Dungeon.
             The game lasted 00:01:08 (316 turns).

slep the Skirmisher (Demonspawn Fighter)             Turns: 316, Time: 00:01:09

Health: -3/24      AC:  6    Str: 16    XL:     2   Next: 34%
Magic:  2/2        EV:  6    Int:  9    God:
Gold:   58         SH:  8    Dex: 12    Spells: 1/1 levels left

rFire    . . .     SeeInvis .   a - +0 trident
rCold    . . .     Gourm    .   c - +0 shield
rNeg     . . .     Faith    .   b - +0 scale mail
rPois    .         Spirit   .   (no helmet)
rElec    .         Reflect  .   (no cloak)
rCorr    .         Harm     .   (no gloves)
MR       .....                  (no boots)
Stlth    +.........             (no amulet)
HPRegen  0.08/turn              (no ring)
MPRegen  0.08/turn              (no ring)

@: no status effects
A: nightstalker 1
a: no special abilities


You were on level 1 of the Dungeon.
You were not hungry.

You visited 1 branch of the dungeon, and saw 1 of its levels.

You collected 58 gold pieces.

Inventory:

Hand Weapons
 a - a +0 trident (weapon)
Armour
 b - a +0 scale mail (worn)
 c - a +0 shield (worn)
Scrolls
 e - a scroll of identify {unknown}
 i - a scroll of remove curse {unknown}
Potions
 d - a potion of might
 h - 2 potions of lignification {unknown}
 j - a potion of cancellation {unknown}
Comestibles
 f - a bread ration
 g - a royal jelly


   Skills:
 + Level 3.1 Fighting
 + Level 2.0 Polearms
 + Level 3.0 Armour
 + Level 2.9 Shields


You had one spell level left.
You didn't know any spells.

Dungeon Overview and Level Annotations

Branches:
Dungeon (1/15)

Altars:


Innate Abilities, Weirdness & Mutations

You are slightly more attuned to the shadows.


Message History

The dart slug launches a dart at you. The slug dart hits you!
* * * LOW HITPOINT WARNING * * *
A hobgoblin comes into view. It is wielding a club.
The hobgoblin shouts!
The dart slug bites you.
* * * LOW HITPOINT WARNING * * *
The goblin barely misses you.
You hit the dart slug.
The dart slug is heavily wounded.
You block the goblin's attack. The dart slug bites you.
* * * LOW HITPOINT WARNING * * *
You puncture the dart slug!
You kill the dart slug!
Your Polearms skill increases to level 2!
Your Armour skill increases to level 3!
You block the hobgoblin's attack. The goblin hits you but does no damage.
You closely miss the goblin. You block the goblin's attack.
The hobgoblin hits you with a club.
You die...

#............+.....
#.......[....#.....
#............#
#............#
#..........?$#
#######......+
#.......##.#
#.......# ...
#...@g..# ###
#..g†...# #.......#
.........#
.######+###


You could see a hobgoblin and a goblin.

Vanquished Creatures
  2 dart slugs (D:1)
  A leopard gecko (D:1)
  3 bats (D:1)
  A goblin (D:1)
  2 kobolds (D:1)
  2 rats (D:1)
11 creatures vanquished.

Notes
Turn   | Place    | Note
-------+----------+-------------------------------------------
     0 | D:1      | slep the Demonspawn Fighter began the quest for the Orb.
     0 | D:1      | Reached XP level 1. HP: 18/18 MP: 1/1
   251 | D:1      | Gained mutation: You are slightly more attuned to the shadows. [demonic ancestry]
   251 | D:1      | Reached XP level 2. HP: 6/24 MP: 2/2
   316 | D:1      | Slain by a hobgoblin

Vault maps used:
D:1:      minmay_arrival_nine_rooms, serial_corexii_hall,
          corexii_hall_statues_s, corexii_hall_statues_i, minmay_tromino_mix6

Skill      XL: |  1  2 |
---------------+-------+-----
Polearms       | 2 |  2.0
Armour         | 3 |  3.0
Fighting       | |  3.1
Shields        | |  2.9

Action                   || total
-------------------------++-------
Melee: Trident           ||    39
Armor: Scale mail        ||    24
Dodge: Dodged            ||     8
Block: Shield            ||    22

Table legend:
 A = Spawn XP
 B = Non-spawn XP
 C = Spawn XP percentage of total XP
 D = Spawn monster count
 E = Non-spawn monster count
 F = Spawn count percentage of total count
 G = Total turns spent on level
                    A         B        C        D         E        F      G
               +---------+---------+-------+---------+---------+-------+---------
         Total |       0 |      22 |   0.0 |       0 |      11 |   0.0 |   316
               +---------+---------+-------+---------+---------+-------+---------
           D:1 |       0 |      22 |   0.0 |       0 |      11 |   0.0 |   316
               +---------+---------+-------+---------+---------+-------+---------
